 Dungeon Crawl Stone Soup version 0.22.0-75-g3901e7991e (webtiles) character file.

814 Debik the Thaumaturge (level 7, 0/37 HPs)
             Began as a Deep Elf Earth Elementalist on Sept 14, 2018.
             Slain by Duvessa
             ... wielding a +2 rapier of holy wrath
              (13 damage)
             ... on level 5 of the Dungeon.
             The game lasted 00:14:58 (4980 turns).

Debik the Thaumaturge (Deep Elf Earth Elementalist) Turns: 4980, Time: 00:14:59

Health: 0/37       AC:  4    Str:  5    XL:     7   Next: 62%
Magic:  0/20       EV: 14    Int: 20    God:
Gold:   246        SH:  0    Dex: 15    Spells: 13/22 levels left

rFire    + + +     SeeInvis .   i - +8 mace of the Hero {speed, rElec rPois rF+++ Int-2}
rCold    . . .     Gourm    .   (no shield)
rNeg     . . .     Faith    +   c - +0 robe
rPois    +         Spirit   .   (no helmet)
rElec    +         Reflect  .   v - scarf {repulsion}
rCorr    .         Harm     .   (no gloves)
MR       .....                  (no boots)
Stlth    ++........             t - amulet of faith
HPRegen  0.12/turn              m - +2 ring of protection
MPRegen  0.17/turn              p - +3 ring of slaying

@: very slightly contaminated, repel missiles
A: no striking features
a: no special abilities


You were on level 5 of the Dungeon.
You were not hungry.

You visited 1 branch of the dungeon, and saw 6 of its levels.

You collected 246 gold pieces.

Inventory:

Hand Weapons
 i - the +8 mace of the Hero (weapon) {speed, rElec rPois rF+++ Int-2}
   (You found it on level 5 of the Dungeon)

   Attacks with this weapon are significantly faster.
   It affects your intelligence (-2).
   It renders you almost immune to fire.
   It insulates you from electricity.
   It protects you from poison.
Missiles
 k - 178 stones (quivered)
Armour
 c - a +0 robe (worn)
 v - a scarf of repulsion (worn)
Jewellery
 g - a cursed ring of teleportation {unknown}
 m - a +2 ring of protection (left hand)
 p - a +3 ring of slaying (right hand)
 t - an amulet of faith (around neck)
Wands
 e - a wand of polymorph (8)
 j - a wand of iceblast (10)
 q - a wand of clouds (4)
 x - a wand of digging (16)
Scrolls
 f - a scroll of enchant weapon
 h - 3 scrolls of magic mapping
 o - 2 scrolls of remove curse
 w - 2 scrolls of identify
Potions
 a - a potion of might
 b - a potion of flight
 n - a potion of mutation {unknown}
 r - 2 potions of curing
 s - a potion of haste {unknown}
 u - a potion of agility {unknown}
Comestibles
 d - 10 rations


   Skills:
 + Level 0.9 Fighting
 + Level 0.2(0.3) Maces & Flails
   Level 0.1(0.3) Staves
 + Level 3.9 Dodging
 + Level 3.6 Stealth
 + Level 0.4 Unarmed Combat
 + Level 8.0 Spellcasting
 + Level 0.8 Conjurations
   Level 1.1 Transmutations
 + Level 6.3 Earth Magic


You had 13 spell levels left.
You knew the following spells:

 Your Spells              Type           Power        Failure   Level  Hunger
a - Sandblast             Erth           ####..       1%          1    None
d - Lee's Rapid Deconstr  Erth           ####......   17%         5    #####..
e - Stone Arrow           Conj/Erth      ###...       6%          3    None

Your spell library contained the following spells:

 Spells                   Type           Power        Failure   Level  Hunger
 Passwall                 Tmut/Erth      ###.....     2%          2    None
 Animate Skeleton         Necr           N/A          9%          1    None
 Pain                     Necr           #...         9%          1    None
 Petrify                  Tmut/Erth      ###.....     19%         4    ###....
 Regeneration             Chrm/Necr      #.........   26%         3    None
 Vampiric Draining        Necr           #.........   26%         3    None
 Animate Dead             Necr           N/A          63%         4    ###....


Dungeon Overview and Level Annotations

Branches:
Dungeon (6/15)
 Temple: D:4-7

Altars:
Cheibriados
Okawaru
Qazlal
Ru
Trog
Xom
Yredelemnul

Annotations:
D:5 Duvessa


Message History

The blast of sand hits the killer bee.
The killer bee is almost dead.
k - 179 stones The killer bee completely misses you.
Duvessa rages.
The killer bee misses you.
Unknown command.
You thump the killer bee!
You kill the killer bee!
Your Spellcasting skill increases to level 8!
Casting: Sandblast (safe; 1% risk of failure)
Confirm with . or Enter, or press ? or * to list all spells.
Aiming: Sandblast (safe; 1% risk of failure)
Press: ? - help, Shift-Dir - straight line, f - Duvessa
Aim: Duvessa, wielding a rapier of holy wrath and wearing a runed leather The blast of sand hits Duvessa.
Duvessa is heavily wounded.
k - 178 stones Duvessa hits you with a rapier of holy wrath!
You die...

## #..>....#.######
############.#....#
#...##.......#.##.####
.....##..#####.##.<..#
......#..#####.##....#
.._...##.#.....##....#
......##.....#)....<.#
.....##.......>###.#.#
#...##.###.#...e@..#.#
##.###.....#..######.#
.)............#......#
.....#...(..#.#.###..#
.....#####.##.#.# #..#
..............#.###..#
....######.####.##...#
###################.##
..................#.#


You could see Duvessa (berserk).

Vanquished Creatures
  An ogre (D:4)
  A centaur (D:5)
  Dowan (D:5)
  A killer bee (D:5)
  A howler monkey (D:5)
  A crimson imp (D:5)
  2 hounds (D:4)
  Crazy Yiuf (D:2)
  2 centaur skeletons (D:5)
  Natasha (thrice) (D:4)
  A worker ant (D:4)
  A worker ant zombie (D:4)
  2 gnolls (D:3)
  8 adders
  A shadow imp (D:5)
  2 oozes (D:2)
  4 worms
  A dart slug (D:1)
  3 leopard geckos
  11 orcs
  12 bats
  3 giant cockroaches
  6 goblins
  14 hobgoblins
  13 jackals
  9 kobolds
  3 quokkas
  2 ball pythons
  2 frilled lizards
  A jackal skeleton (D:4)
  A leopard gecko skeleton (D:5)
  9 rats
123 creatures vanquished.

Notes
Turn   | Place    | Note
-------+----------+-------------------------------------------
     0 | D:1      | Debik the Deep Elf Earth Elementalist began the quest for
                  | the Orb.
     0 | D:1      | Reached XP level 1. HP: 10/10 MP: 6/6
   113 | D:1      | Reached XP level 2. HP: 15/15 MP: 5/8
   644 | D:1      | Reached XP level 3. HP: 17/19 MP: 7/9
   653 | D:1      | Learned a level 3 spell: Stone Arrow
  1328 | D:2      | Reached skill level 4 in Spellcasting
  1608 | D:1      | Reached XP level 4. HP: 5/24 MP: 0/12
  1851 | D:2      | Found a runed door.
  1873 | D:2      | Noticed Crazy Yiuf
  1876 | D:2      | Killed Crazy Yiuf
  2132 | D:2      | Reached XP level 5. HP: 25/28 MP: 12/14
  2373 | D:2      | Reached skill level 5 in Spellcasting
  2637 | D:3      | Learned a level 5 spell: Lee's Rapid Deconstruction
  2835 | D:3      | Found a stormy altar of Qazlal.
  3375 | D:4      | Noticed Natasha
  3380 | D:4      | Killed Natasha
  3419 | D:4      | Reached skill level 6 in Spellcasting
  3419 | D:4      | Reached XP level 6. HP: 31/32 MP: 12/17
  3553 | D:4      | Noticed Natasha
  3558 | D:4      | Killed Natasha
  3558 | D:4      | Reached skill level 5 in Earth Magic
  3561 | D:4      | Noticed Natasha
  3564 | D:4      | Killed Natasha
  4075 | D:5      | Entered Level 5 of the Dungeon
  4096 | D:5      | Got a fine mace
  4097 | D:5      | Identified the +8 mace of the Hero {speed, rElec rPois
                  | rF+++ Int-2} (You found it on level 5 of the Dungeon)
  4148 | D:5      | Reached skill level 7 in Spellcasting
  4148 | D:5      | Reached XP level 7. HP: 18/37 MP: 13/19
  4420 | D:5      | Found a basalt altar of Yredelemnul.
  4667 | D:5      | Found an iron altar of Okawaru.
  4697 | D:5      | Found a shimmering altar of Xom.
  4699 | D:5      | Found a sacrificial altar of Ru.
  4699 | D:5      | Found a basalt altar of Yredelemnul.
  4701 | D:5      | Found a radiant altar of Vehumet.
  4701 | D:5      | Found a basalt altar of Yredelemnul.
  4701 | D:5      | Found a snail-covered altar of Cheibriados.
  4877 | D:5      | Found a bloodstained altar of Trog.
  4961 | D:6      | Noticed Duvessa
  4961 | D:6      | Noticed Dowan
  4971 | D:5      | Killed Dowan
  4979 | D:5      | Reached skill level 8 in Spellcasting
  4980 | D:5      | Slain by Duvessa

Skill      XL: |  1  2  3  4  5  6  7 |
---------------+----------------------+-----
Earth Magic    | 4 5 6 |  6.3
Spellcasting   | 4 6 7 8 |  8.0
Stealth        | 3 |  3.6
Dodging        | 3 |  3.9
Fighting       | |  0.9
Maces & Flails | |  0.2
Staves         | |  0.1
Unarmed Combat | |  0.4
Conjurations   | |  0.8
Transmutations | |  1.1

Action                   |  1- 3 |  4- 6 |  7- 9 || total
-------------------------+-------+-------+-------++-------
Melee: Unarmed           |    46 |     1 |       ||    47
       Quarterstaff      |       |    16 |       ||    16
       Mace              |       |     4 |     8 ||    12
 Cast: Sandblast         |    38 |    98 |    29 ||   165
       Stone Arrow       |    19 |     2 |     4 ||    25
       Lee's Rapid Decon |       |       |     2 ||     2
  Use: Potion            |     3 |       |     3 ||     6
       Scroll            |       |    14 |       ||    14
  Eat: Chunk             |     2 |     6 |     1 ||     9
       Ration            |       |     1 |     1 ||     2
Armor: Robe              |    11 |    15 |     8 ||    34
       Skin              |    44 |       |       ||    44
Dodge: Dodged            |    64 |    69 |    31 ||   164
